Zazza, neutral female human Tourist --- ---- --<-- --..| |...| |...-- ---- |...| |."..--- |..| ---..-- ---...... |..--|...-- ....... --..--.--- ...... |.....| -.... --..--- ----|...- --.-- ---|..--...| - --.---..|.......--- .--- | |.............@.......G..G....- |.............|B..........--- --..---.....f.---.-- ......| ---...| --......| -- ..-- -- --....-| |..*..-- .--- ....-- | |......----.....-------- ....................--- - |...................(..............................| --..........--------------- --- | ------- -----.--.--- ------ Zazza the Rambler Experience level: 1 Strength: 13 Dexterity: 12 Constitution: 12 Intelligence: 10 Wisdom: 10 Charisma: 18 Health: 0(10) Energy: 2(2) Def: 0 Gold: 145 Moves: 1211 Dungeon seed: CDK_N7-Bc2AuwYtQ Game ID: Zazza_1599320853 Your Inventory: Coins $ - 145 gold pieces Weapons a - 21 +2 darts (in quiver) t - a cursed -1 crossbow w - 11 +0 crossbow bolts Armor e - an uncursed +0 Hawaiian shirt n - a cursed -1 orcish helm (being worn) Comestibles v - an uncursed pear Scrolls s - an uncursed scroll of remove curse u - an uncursed scroll of earth Potions j - a blessed potion of extra healing Tools l - an expensive camera (0:86) m - an uncursed credit card o - an uncursed bag of holding x - a blessed tallow candle (0:200) Contents of the bag of holding: 286 gold pieces 2 uncursed eggs an uncursed food ration an uncursed orange an uncursed slime mold 5 uncursed tripe rations a blessed scroll of confuse monster an uncursed scroll of fire an uncursed scroll of genocide 3 uncursed scrolls of magic mapping an uncursed potion of extra healing Spells and supernatural/magical abilities: Name Level Category Fail Memory W - pray for help -- divine ? -- Your skills at the end: Fighting Skills Weapon Skills dart [Basic] Spellcasting Skills Final Attributes: You were nominally aligned. You are dead. Vanquished creatures: a yellow mold a green mold 3 gnomes a jackal 2 kobolds a goblin a sewer rat 6 grid bugs 2 lichens a kobold zombie 2 newts 21 creatures vanquished. Voluntary challenges: You were vegetarian. You were an atheist. You never hit with a wielded weapon. You read items or engraved 2 times, starting on turn 706. You never genocided any monsters. You never polymorphed an object. You never changed form. You used no wishes. You never split a pudding. You never wrote Elbereth's name. You never violated your personal moral code. Dungeon overview: The Dungeons of Doom: levels 1 to 3 Level 1 a fountain a long staircase Level 2 a fountain, a sink Level 3 some fountains stairs to The Gnomish Mines The Gnomish Mines: Level 4 <- You were here stairs to The Dungeons of Doom History has recorded: On T:1 you entered the Dungeons of Doom to retrieve the Amulet of Yendor! On T:388 you reached level 2 of The Dungeons of Doom. On T:772 you reached level 3 of The Dungeons of Doom. On T:1142 you reached level 1 of The Gnomish Mines. Score breakdown: Gold: 276 ( 8308 points) Experience: 1 level ( 0 points) Exploration: 4 levels ( 8.00%) ( 7423 points) Discoveries: 0 items ( 0.00%) ( 0 points) Valuables value: (no points given unless you survive) Artifact value: 0 ( 0 points) Variety of kills: 11 monsters ( 2.89%) ( 5097 points) Turncount: 1211 turns ( 0 points) Survival: died (score multiplied by 80%) Total score: 16662 Latest messages: You carefully open the ice box... You displace Armand. The gnome hits! Armand bites the gnome. The gnome is killed! Armand eats a gnome corpse. Armand bites the gnome. The gnome is killed! The gnome wields a crossbow! You stop. Armand is in the way! The gnome shoots a crossbow bolt! The crossbow bolt misses Armand. You are hit by a crossbow bolt. Armand bites the gnome. The gnome is killed! There are a few objects here. w - 11 crossbow bolts. x - a candle. Armand is hit by a rock! There are a few objects here. The bat bites! (2x) You die... Final status: Aloha Zazza the Tourist, killed by a bat... You died in The Gnomish Mines on dungeon level 4 with 16662 points, and 431 pieces of gold, after 1211 moves. You were level 1 with a maximum of 10 hit points when you died.